 Dungeon Crawl Stone Soup version 0.21.1-1-g345015f (webtiles) character file.

141 tidbits the Grave Robber (level 5, -7/37 HPs)
             Began as a Gnoll Necromancer on June 16, 2018.
             Mangled by an ogre
             ... wielding a +0 giant club
              (33 damage)
             ... on level 4 of the Dungeon.
             The game lasted 00:04:36 (552 turns).

tidbits the Grave Robber (Gnoll Necromancer)         Turns: 552, Time: 00:04:37

Health: -7/37      AC:  2    Str: 10    XL:     5   Next: 24%
Magic:  5/12       EV: 15    Int: 19    God:
Gold:   12         SH:  0    Dex: 15    Spells: 6/14 levels left

rFire    . . .     SeeInvis .   a - +0 dagger (protect)
rCold    . . .     Gourm    .   (no shield)
rNeg     . . .     Faith    .   g - +0 robe
rPois    +         Spirit   .   (no helmet)
rElec    .         Reflect  .   (no cloak)
rCorr    .         Harm     +   (no gloves)
MR       .....                  (no boots)
Stlth    +++.......             l - amulet of harm
HPRegen  0.12/turn              P - ring of poison resistance
MPRegen  0.13/turn              (no ring)

@: no status effects
A: distributed training, fangs 1, strong nose
a: no special abilities


You were on level 4 of the Dungeon.
You were not hungry.

You visited 1 branch of the dungeon, and saw 4 of its levels.

You collected 12 gold pieces.

Inventory:

Hand Weapons
 a - a +0 dagger of protection (weapon)
   (You found it on level 3 of the Dungeon)
 h - a +0 club
 k - a +0 falchion
 m - a +0 dagger
Armour
 g - a +0 robe (worn)
Jewellery
 l - an amulet of harm (around neck)
   (You found it on level 4 of the Dungeon)
 P - a ring of poison resistance (left hand)
   (You found it on level 4 of the Dungeon)
Scrolls
 d - a scroll of enchant weapon {unknown}
 e - a scroll of enchant armour {unknown}
 f - 2 scrolls of remove curse {unknown}
Potions
 i - a potion of cancellation {unknown}
 j - a potion of degeneration {unknown}
Books
 b - a book of Necromancy

   Spells                             Type                      Level
   a - Pain                           Necromancy                   1
   b - Animate Skeleton               Necromancy                   1
   c - Vampiric Draining              Necromancy                   3
   d - Regeneration                   Charms/Necromancy            3
   e - Animate Dead                   Necromancy                   4
   f - Borgnjor's Vile Clutch         Necromancy/Earth             5
Comestibles
 c - 4 rations


   Skills:
 + Level 1.4 Fighting
 + Level 1.4 Short Blades
 + Level 1.4 Long Blades
 + Level 1.4 Axes
 + Level 1.4 Maces & Flails
 + Level 1.4 Polearms
 + Level 1.4 Staves
 + Level 1.4 Slings
 + Level 1.4 Bows
 + Level 1.4 Crossbows
 + Level 1.4 Throwing
 + Level 1.4 Armour
 + Level 4.7 Dodging
 + Level 4.3 Stealth
 + Level 1.4 Shields
 + Level 1.4 Unarmed Combat
 + Level 5.1 Spellcasting
 + Level 1.1 Conjurations
 + Level 1.1 Hexes
 + Level 1.1 Charms
 + Level 1.1 Summonings
 + Level 7.2 Necromancy
 + Level 1.1 Translocations
 + Level 1.1 Transmutations
 + Level 1.1 Fire Magic
 + Level 1.1 Ice Magic
 + Level 1.1 Air Magic
 + Level 1.1 Earth Magic
 + Level 1.1 Poison Magic
 + Level 1.5 Invocations
 + Level 1.4 Evocations


You had 6 spell levels left.
You knew the following spells:

 Your Spells              Type           Power        Failure   Level  Hunger
a - Pain                  Necr           ####         1%          1    None
d - Vampiric Draining     Necr           ####......   1%          3    ##.....
n - Animate Skeleton      Necr           N/A          1%          1    None
r - Regeneration          Chrm/Necr      ###.......   7%          3    ##.....


Dungeon Overview and Level Annotations

Branches:
Dungeon (4/15)
 Temple: D:4-7

Altars:
Ashenzari
Fedhas


Innate Abilities, Weirdness & Mutations

Your experience applies equally to all skills.
You have very sharp teeth.
Your uncanny sense of smell can sniff out nearby items.


Message History

Found a scroll labeled UCESUBAIBB.
Wield which item (- for none, * to show all)? (? for menu, Esc to quit)
a - a +0 dagger (weapon)
The helpless giant cockroach fails to defend itself.
You impale the giant cockroach!!
You kill the giant cockroach!
You see here a scroll labeled UCESUBAIBB.
f - 2 scrolls labeled UCESUBAIBB (gained 1)
Found 3 gold pieces.
You found a teleport trap!
Found a stone staircase leading up.
You see here 3 gold pieces.
Unknown command.
You now have 12 gold pieces (gained 3).
Casting: Pain
Confirm with . or Enter, or press ? or * to list all spells.
Aiming: Pain
Press: ? - help, Shift-Dir - straight line, f - orc
Aim: an orc, wielding a dagger and wearing a leather armour (chance to defeat MR: 93%)
The orc writhes in agony!
The orc hits you but does no damage.
Casting: Pain
Confirm with . or Enter, or press ? or * to list all spells.
Aiming: Pain
Press: ? - help, Shift-Dir - straight line, f/p - orc
Aim: an orc, wielding a dagger and wearing a leather armour (severely wounded, chance to defeat MR: 93%)
The orc writhes in agony!
You kill the orc!
A frilled lizard comes into view.
A frilled lizard comes into view.
Things that are here:
a dagger; a leather armour; an orc corpse
There is a stone staircase leading up here.
You climb upwards.
Found a runed dagger.
There is a stone staircase leading down here.
Unknown command.
Found a hand axe.
Found an escape hatch in the ceiling.
A giant cockroach comes into view.
You see here a runed dagger.
m - a runed dagger Wield which item (- for none, * to show all)? (? for menu, Esc to quit)
Your +0 dagger of protection hums with potential!
m - a +0 dagger of protection (weapon)
Adjust (i)tems, (s)pells, or (a)bilities?
Adjust which item? (? for menu, Esc to quit)
m - a +0 dagger of protection (weapon)
Adjust to which letter? (? for menu, Esc to quit)
a - a +0 dagger of protection (weapon);
m - a +0 dagger A goblin comes into view.
The goblin shouts!
You hear a shout! x2
A quokka comes into view.
The orc wizard gestures at you while chanting.
The magic dart hits you! The giant cockroach misses you. x2
There is a stone staircase leading down here.
The giant cockroach completely misses you.
You climb downwards.
There is a stone staircase leading up here.
Unknown command.
Casting: Pain
Confirm with . or Enter, or press ? or * to list all spells.
Aiming: Pain
Press: ? - help, Shift-Dir - straight line, f - giant cockroach
Aim: a giant cockroach (chance to defeat MR: 93%)
The giant cockroach writhes in agony!
You kill the giant cockroach!
The frilled lizard hisses angrily.
The frilled lizard hisses angrily.
Things that are here:
a leather armour; a dagger; an orc corpse
Casting: Pain
Confirm with . or Enter, or press ? or * to list all spells.
Aiming: Pain
Press: ? - help, Shift-Dir - straight line, f - frilled lizard
Aim: a frilled lizard (chance to defeat MR: 93%)
The frilled lizard writhes in agony!
You kill the frilled lizard!
You open the door.
Found a robe and a leather armour.
There is an open door here.
An ogre comes into view. It is wielding a giant club.
You see here a leather armour.
The ogre shouts!
The ogre barely misses you.
Casting: Pain
Confirm with . or Enter, or press ? or * to list all spells.
Aiming: Vampiric Draining
Press: ? - help, Shift-Dir - straight line, f - ogre
Aim: an ogre, wielding a giant club The ogre is heavily wounded.
You feel life coursing into your body. The ogre closely misses you.
Casting: Vampiric Draining
Confirm with . or Enter, or press ? or * to list all spells.
Aiming: Pain
Press: ? - help, Shift-Dir - straight line, f/p - ogre
Aim: an ogre, wielding a giant club (heavily wounded, chance to defeat MR: 84%)
The ogre writhes in agony!
The ogre hits you with a giant club!!
Ouch! That really hurt!
You die... .. . ## ##. . #.. #.#.# #.#.# llP #.#O# .P# #. #.#@# PlP

#. ∆ ##.#.## P. #. #.
#..#l.# #..# #l## . ..#
#..#..#.#..... ..#.## #.#
#.[...#....... #.#... #.#
##'####..#.#.# #.# #.# #l##
#.l.r... #.#### #.#
#..###..#.#. #..... ##
###.######.#..........#####.


You could see an ogre and a frilled lizard.

Vanquished Creatures
  2 orc wizards
  An orc priest (D:4)
  A worker ant (D:4)
  An adder (D:4)
  An adder skeleton (D:4)
  A worm (D:4)
  2 leopard geckos (D:4)
  3 orcs
  3 giant cockroaches
  A hobgoblin (D:2)
  A ball python (D:2)
  A bat (D:1)
  3 frilled lizards
21 creatures vanquished.

Vanquished Creatures (others)
  A frilled lizard (D:4)
1 creature vanquished.

Grand Total: 22 creatures vanquished

Notes
Turn   | Place    | Note
-------+----------+-------------------------------------------
     0 | D:1      | tidbits the Gnoll Necromancer began the quest for the Orb.
     0 | D:1      | Reached XP level 1. HP: 13/13 MP: 6/6
   114 | D:3      | Noticed an orc wizard
   114 | D:3      | Noticed an orc wizard
   121 | D:2      | Killed an orc wizard
   121 | D:2      | Reached skill level 5 in Spellcasting
   121 | D:2      | Reached XP level 2. HP: 7/20 MP: 1/8
   121 | D:2      | Reached XP level 3. HP: 9/25 MP: 1/9
   124 | D:2      | Learned a level 1 spell: Animate Skeleton
   128 | D:2      | Learned a level 3 spell: Regeneration
   132 | D:2      | Learned a level 3 spell: Vampiric Draining
   144 | D:2      | Found a blossoming altar of Fedhas.
   285 | D:4      | Reached skill level 1 in Fighting
   285 | D:4      | Reached skill level 1 in Short Blades
   285 | D:4      | Reached skill level 1 in Long Blades
   285 | D:4      | Reached skill level 1 in Axes
   285 | D:4      | Reached skill level 1 in Maces & Flails
   285 | D:4      | Reached skill level 1 in Polearms
   285 | D:4      | Reached skill level 1 in Staves
   285 | D:4      | Reached skill level 1 in Slings
   285 | D:4      | Reached skill level 1 in Bows
   285 | D:4      | Reached skill level 1 in Crossbows
   285 | D:4      | Reached skill level 1 in Throwing
   285 | D:4      | Reached skill level 1 in Armour
   285 | D:4      | Reached skill level 1 in Shields
   285 | D:4      | Reached skill level 1 in Unarmed Combat
   285 | D:4      | Reached skill level 1 in Invocations
   285 | D:4      | Reached skill level 1 in Evocations
   285 | D:4      | Reached XP level 4. HP: 25/32 MP: 3/11
   443 | D:4      | Found a shattered altar of Ashenzari.
   464 | D:4      | Reached skill level 1 in Conjurations
   464 | D:4      | Reached skill level 1 in Hexes
   464 | D:4      | Reached skill level 1 in Charms
   464 | D:4      | Reached skill level 1 in Summonings
   464 | D:4      | Reached skill level 1 in Translocations
   464 | D:4      | Reached skill level 1 in Transmutations
   464 | D:4      | Reached skill level 1 in Fire Magic
   464 | D:4      | Reached skill level 1 in Ice Magic
   464 | D:4      | Reached skill level 1 in Air Magic
   464 | D:4      | Reached skill level 1 in Earth Magic
   464 | D:4      | Reached skill level 1 in Poison Magic
   469 | D:4      | Reached XP level 5. HP: 26/37 MP: 2/12
   546 | D:4      | Noticed an ogre
   552 | D:4      | Mangled by an ogre

Skill      XL: |  1  2  3  4 |
---------------+-------------+-----
Spellcasting   | 5 |  5.1
Fighting       | 1 |  1.4
Short Blades   | 1 |  1.4
Long Blades    | 1 |  1.4
Axes           | 1 |  1.4
Maces & Flails | 1 |  1.4
Polearms       | 1 |  1.4
Staves         | 1 |  1.4
Slings         | 1 |  1.4
Bows           | 1 |  1.4
Crossbows      | 1 |  1.4
Throwing       | 1 |  1.4
Armour         | 1 |  1.4
Shields        | 1 |  1.4
Unarmed Combat | 1 |  1.4
Invocations    | 1 |  1.5
Evocations     | 1 |  1.4
Conjurations   | 1 |  1.1
Hexes          | 1 |  1.1
Charms         | 1 |  1.1
Summonings     | 1 |  1.1
Translocations | 1 |  1.1
Transmutations | 1 |  1.1
Fire Magic     | 1 |  1.1
Ice Magic      | 1 |  1.1
Air Magic      | 1 |  1.1
Earth Magic    | 1 |  1.1
Poison Magic   | 1 |  1.1
Dodging        | |  4.7
Stealth        | |  4.3
Necromancy     | |  7.2

Action                   |  1- 3 |  4- 6 || total
-------------------------+-------+-------++-------
Melee: Dagger            |     1 |     1 ||     2
       Falchion          |       |     4 ||     4
       Bite              |       |     1 ||     1
 Cast: Pain              |    18 |    23 ||    41
       Regeneration      |     1 |       ||     1
       Vampiric Draining |       |     1 ||     1
  Use: Potion            |       |     1 ||     1
 Stab: Sleeping          |     1 |     1 ||     2
Armor: Robe              |       |     1 ||     1
Dodge: Dodged            |     4 |    11 ||    15
       Rpst.: Falchion   |       |     4 ||     4

Table legend:
 A = Turns spent in this place as a percentage of turns spent in the entire game.
 B = Non-inter-level travel turns spent in this place as a percentage of non-inter-level travel turns spent in the entire game.
 C = Inter-level travel turns spent in this place as a percentage of turns spent in this place.
 D = Turns resting spent in this place as a percentage of non-inter-level travel turns spent in this place.
 E = Turns spent auto-exploring this place as a percentage of non-inter-level travel turns spent in this place.
 F = Non-inter-level travel turns spent in this place divided by the number of levels of this place that you've seen.
                   A       B       C       D       E      F
               +-------+-------+-------+-------+-------+----------------------
         Total | 100.0 | 100.0 |   0.0 |   0.0 |   0.0 | 138.0
       Dungeon | 100.0 | 100.0 |   0.0 |   0.0 |   0.0 | 138.0
               +-------+-------+-------+-------+-------+----------------------

Table legend:
 A = Kills in this place as a percentage of kills in entire the game.
 B = Kills by you in this place as a percentage of kills by you in the entire game.
 C = Kills by friends in this place as a percentage of kills by friends in the entire game.
 D = Other kills in this place as a percentage of other kills in the entire game.
 E = Experience gained in this place as a percentage of experience gained in the entire game.
 F = Experience gained in this place divided by the number of levels of this place that you have seen.
                   A       B       C       D       E      F
               +-------+-------+-------+-------+-------+----------------------
         Total | 100.0 | 100.0 |   N/A |   N/A | 100.0 |  50.5
       Dungeon | 100.0 | 100.0 |   N/A |   N/A | 100.0 |  50.5
               +-------+-------+-------+-------+-------+----------------------

Vault maps used:
D:1:      scummos_arrival_star, grunt_decor_mini_mirrors
D:2:      old_standard_altar, tgw_fedhas, uniq_robin
D:3:      nicolae_ru_awakened_eye, elyvilon_altar_1, first_ration
D:4:      lemuel_zombie_altar_yredelemnul, vehumet_statue, grunt_qazlal_clouds,
          ashenzari_conservatory_becter, serial_co_window_serial,
          co_window_of_opportunity_a, co_window_corner_a, co_window_paths_a,
          co_window_paths_a, co_window_paths_b, co_window_of_opportunity_a,
          co_window_2corner, co_window_broadway_c, co_window_unsneaky_path_b,
          co_window_corner_cb, co_window_of_opportunity_c, glass_columns_a,
          glass_columns_a, glass_columns_a, glass_columns_a, minmay_lizard_king
